 Dungeon Crawl Stone Soup version 0.31-a0-18-gea43df2 (webtiles) character file.

Game seed: 140471985122027821

32 Nithhogg the Trooper (level 3, 0/33 HPs)
             Began as a Hill Orc Fighter on May 8, 2023.
             Slain by Sigmund
             ... wielding a +2 scythe of holy wrath
              (8 damage)
             ... on level 2 of the Dungeon.
             The game lasted 00:02:00 (910 turns).

Nithhogg the Trooper (Hill Orc Fighter)              Turns: 910, Time: 00:02:01

Health: 0/33       AC:  7    Str: 20    XL:     3   Next: 25%
Magic:  4/4        EV:  9    Int:  8    God:
Gold:   38         SH:  0    Dex: 10    Spells: 2/2 levels left

rFire   . . .        a - +0 war axe
rCold   . . .        (no shield)
rNeg    . . .        b - +0 scale mail
rPois   .            (no helmet)
rElec   .            (no cloak)
rCorr   .            (no gloves)
SInv    .            (no boots)
Will    .....        (no amulet) Stlth
                     (no ring)
HPRegen 0.25/turn    (no ring)
MPRegen 0.09/turn

%: no passive effects
@: mighty
A: no striking features
a: no special abilities


You were on level 2 of the Dungeon.
You visited 1 branch of the dungeon, and saw 2 of its levels.

You collected 38 gold pieces.

Inventory:

Hand Weapons
 a - a +0 war axe (weapon)
Armour
 b - a +0 scale mail (worn)
 c - a +0 buckler
Scrolls
 f - 3 scrolls of identify {unknown}
 g - a scroll of enchant armour {unknown}
 i - a scroll of teleportation {unknown}
 j - a scroll of amnesia {unknown}
Potions
 e - 2 potions of heal wounds {unknown}
 h - a potion of curing {unknown}


   Skills:
 + Level 4.0 Fighting
 + Level 3.3 Axes
 + Level 3.7 Armour
 - Level 3.2 Shields
 + Level 1.7 Invocations


You had 2 spell levels left.
You didn't know any spells.
Your spell library contained the following spells:

 Spells                   Type           Power      Damage    Failure   Level
 Summon Small Mammal      Summ           0%         N/A       77%         1
 Sublimation of Blood     Necr           0%         N/A       88%         2
 Call Canine Familiar     Summ           0%         N/A       98%         3
 Summon Guardian Golem    Hex/Summ       0%         N/A       98%         3
 Petrify                  Tmut/Erth      0%         N/A       100%        4
 Irradiate                Conj/Tmut      0%         3d11      100%        5


Dungeon Overview and Level Annotations

Branches:
Dungeon (2/15)

Altars:

Annotations:
D:2 Sigmund


Message History

Sigmund the Dreaded comes into view.
He is wielding a +2 scythe of holy wrath.
Sigmund shouts!
Sigmund is nearby!
You feel very mighty all of a sudden.
Sigmund screams, "Die, monster!"
No target in view!
No target in view! 2 goblins come into view.
The goblin shouts! x2
Sigmund gestures at you while chanting. The puff of flame hits you.
You slash Sigmund!
Sigmund is moderately wounded.
Sigmund hits you with a +2 scythe of holy wrath!
You hit Sigmund.
Sigmund is heavily wounded.
Sigmund says, "Look into my eyes."
Sigmund casts a spell.
Sigmund flickers and vanishes!
Deactivating autopickup; reactivate with Ctrl-A.
You barely miss something.
You hear some strange, mumbled words.
You are confused.
A giant cockroach comes into view.
You hear some strange, mumbled words.
A puff of flame appears from out of thin air!
The puff of flame misses you.
You barely miss something. Something hits you.
You're too confused to move!
Something hits you. Something hits you.
* * * LOW HITPOINT WARNING * * *
You bump into the rock wall.
You feel less confused.
The giant cockroach attacks as you move away!
The giant cockroach bites you but does no damage.
Something hits you but does no damage. The giant cockroach bites you.
* * * LOW HITPOINT WARNING * * *
You miss something. You hit the giant cockroach.
The giant cockroach barely misses you. Something hits you!
You die...

#######.##########
#...†..........
#.#####.#######
#.# #.# #.# ##.##
#.#
#...##########.
#.#
#.............B
#.# #...#.B#.....#
#.# #####.@#.....#
#<# #..{g....# #.#
#.##.....# #.# #.#
.....# #.# #.#
##.#.# #.# #.# .#
# #.# #.# # #.#
... #.# ...


You could see a giant cockroach and a goblin.

Vanquished Creatures
  3 dart slugs
  4 ball pythons (D:1)
  3 endoplasms (D:1)
  A giant cockroach (D:1)
  2 goblins (D:1)
  A hobgoblin (D:1)
  3 kobolds (D:1)
  2 quokkas (D:1)
  3 bats
  2 frilled lizards (D:1)
24 creatures vanquished.

Notes
Turn   | Place    | Note
-------+----------+-------------------------------------------
     0 | D:1      | Nithhogg the Hill Orc Fighter began the quest for the Orb.
     0 | D:1      | Reached XP level 1. HP: 19/19 MP: 1/1
   187 | D:1      | Reached XP level 2. HP: 23/27 MP: 2/2
   210 | D:1      | Reached skill level 1 in Invocations
   382 | D:1      | Reached skill level 4 in Fighting
   436 | D:1      | Reached XP level 3. HP: 33/33 MP: 4/4
   895 | D:2      | Noticed Sigmund
   910 | D:2      | Slain by Sigmund

Illustrated notes

Levels and vault maps discovered:
D:1:      saegor_arrival_simple_e, layout_loops_ring
D:2:      layout_loops_ring, minmay_misc_feat_ornament, uniq_sigmund

Skill      XL: |  1  2 |
---------------+-------+-----
Axes           | 3 |  3.3
Invocations    | 1 |  1.7
Fighting       | 4 |  4.0
Armour         | |  3.7
Shields        | |  3.2

Action                     || total
---------------------------++-------
  Melee: War axe           ||    82
    Use: Potion            ||     1
 Armour: Scale mail        ||    57
  Dodge: Dodged            ||    51

Table legend: (Time is in decaauts)
 A = Elapsed time spent in this place.
 B = Non-inter-level travel time spent in this place.
 C = Inter-level travel time spent in this place.
 D = Time resting spent in this place.
 E = Time spent auto-exploring this place.
 F = Levels seen in this place.
 G = Mean time per level.
                   A        B        C        D        E       F      G
               +--------+--------+--------+--------+--------+-----+--------+
         Total |    938 |    926 |     12 |      0 |    723 |   2 |  469.0 |
       Dungeon |    938 |    926 |     12 |      0 |    723 |   2 |  469.0 |
               +--------+--------+--------+--------+--------+-----+--------+

Top non-repeatable levels by time:
     D:1: 880 daAuts
     D:2: 58 daAuts
